 Dungeon Crawl Stone Soup version 0.21.1-1-g345015f (webtiles) character file.

294 Kairos the Cudgeler (level 6, -2/47 HPs)
             Began as a Human Skald on Mar 25, 2018.
             Slain by Duvessa
             ... wielding a +0 short sword
              (5 damage)
             ... on level 4 of the Dungeon.
             The game lasted 00:08:48 (3620 turns).

Kairos the Cudgeler (Human Skald)                   Turns: 3620, Time: 00:08:49

Health: -2/47      AC:  5    Str: 13    XL:     6   Next: 60%
Magic:  26/27      EV: 13    Int: 13    God:
Gold:   162        SH:  0    Dex: 13    Spells: 4/9 levels left

rFire    . . .     SeeInvis .   k - +1 whip (venom)
rCold    . . .     Gourm    .   (no shield)
rNeg     . . .     Faith    .   b - +0 leather armour
rPois    .         Spirit   .   (no helmet)
rElec    .         Reflect  .   (no cloak)
rCorr    .         Harm     .   h - +1 pair of gloves
MR       .....                  (no boots)
Stlth    +.........             (no amulet)
HPRegen  0.15/turn              i - ring of magical power
MPRegen  0.20/turn              f - ring of magical power

@: drained
A: no striking features
a: no special abilities


You were on level 4 of the Dungeon.
You were not hungry.

You visited 1 branch of the dungeon, and saw 4 of its levels.

You collected 162 gold pieces.

Inventory:

Hand Weapons
 a - a +0 mace
 k - a +1 whip of venom (weapon)
 v - a +0 broad axe
Armour
 b - a +0 leather armour (worn)
 h - a +1 pair of gloves (worn)
Jewellery
 e - an uncursed ring of see invisible
 f - a ring of magical power (right hand)
 i - a ring of magical power (left hand)
 o - an uncursed ring of fire
 y - an uncursed ring of flight
Wands
 u - a wand of polymorph (10)
Scrolls
 g - 2 scrolls of remove curse
 l - a scroll of fog
 m - 2 scrolls of enchant weapon {unknown}
 p - 2 scrolls of immolation {unknown}
 q - a scroll of enchant armour {unknown}
 r - 2 scrolls of teleportation
 s - 2 scrolls of identify {unknown}
 t - 2 scrolls of amnesia {unknown}
 w - a scroll of fear {unknown}
Potions
 j - a potion of haste {unknown}
 n - 3 potions of agility {unknown}
 A - a potion of heal wounds {unknown}
 B - a potion of invisibility {unknown}
Books
 c - a book of Battle

   Spells                             Type                      Level
   a - Infusion                       Charms                       1
   b - Shroud of Golubria             Charms/Translocation         2
   c - Song of Slaying                Charms                       2
   d - Spectral Weapon                Hexes/Charms                 3
   e - Regeneration                   Charms/Necromancy            3
 x - a book of Misfortune

   Spells                             Type                      Level
   a - Confusing Touch                Hexes                        1
   b - Confuse                        Hexes                        3
   c - Gell's Gravitas                Translocation                3
   d - Petrify                        Transmutation/Earth          4
   e - Metabolic Englaciation         Hexes/Ice                    5
   f - Yara's Violent Unravelling     Hexes/Transmutation          5
Comestibles
 d - 5 rations
 z - 6 chunks of flesh


   Skills:
 + Level 3.3 Fighting
 + Level 3.7 Maces & Flails
 + Level 2.6(2.5) Armour
 + Level 3.2 Dodging
 + Level 0.9 Stealth
 + Level 2.2 Spellcasting
 + Level 3.4 Charms


You had 4 spell levels left.
You knew the following spells:

 Your Spells              Type           Power        Failure   Level  Hunger
a - Infusion              Chrm           ##..         8%          1    ##.....
b - Song of Slaying       Chrm           ##......     12%         2    ###....
c - Shroud of Golubria    Chrm/Tloc      #.........   24%         2    ###....


Dungeon Overview and Level Annotations

Branches:
Dungeon (4/15)
 Temple: D:4-7

Altars:
Sif Muna
Uskayaw
Wu Jian

Annotations:
D:4 Dowan, Duvessa


Message History

Things that are here:
a dagger; a leather armour You hit the orc.
The orc is poisoned.
The orc is almost dead.
Duvessa hits you but does no damage. The orc closely misses you.
You hit the orc.
You kill the orc!
Duvessa hits you with a short sword.
* * * LOW HITPOINT WARNING * * *
Duvessa closely misses you.
A giant cockroach comes into view.
You hit the orc.
The orc is poisoned.
The orc is heavily wounded.
Duvessa hits you with a short sword!
* * * LOW HITPOINT WARNING * * *
You whack the orc!
You kill the orc!
Your song has ended.
Duvessa hits you with a short sword.
You die...

#..#.....).....###.
#.####...)..##.....
#. ####.)l.....##
#. ##e####### ♣ #.#
♣. #.# ..♣♣P #.#
.P....###e##
#.....[@eo.#
#########o.o...#
####oos. ##... #o


You could see Duvessa, Dowan, an orc priest, 4 orcs and a giant cockroach.

Vanquished Creatures
  An ogre (D:4)
  A bullfrog skeleton (D:4)
  An orc wizard (D:4)
  3 adders
  A gnoll (D:1)
  A shadow imp (D:3)
  An ooze (D:1)
  2 worms
  3 dart slugs
  2 leopard geckos
  9 orcs
  7 bats
  3 giant cockroaches
  9 goblins
  9 hobgoblins
  10 jackals
  A ball python (D:1)
  4 frilled lizards
  4 kobolds
  8 rats
80 creatures vanquished.

Notes
Turn   | Place    | Note
-------+----------+-------------------------------------------
     0 | D:1      | Kairos the Human Skald began the quest for the Orb.
     0 | D:1      | Reached XP level 1. HP: 16/16 MP: 3/3
   257 | D:1      | Reached XP level 2. HP: 15/22 MP: 5/5
   474 | D:1      | Reached XP level 3. HP: 27/27 MP: 6/6
   808 | D:1      | Reached XP level 4. HP: 18/33 MP: 2/7
  1590 | D:2      | Found a hide-covered altar of Uskayaw.
  1734 | D:2      | Found a deep blue altar of Sif Muna.
  2393 | D:2      | Learned a level 2 spell: Song of Slaying
  2396 | D:2      | Learned a level 2 spell: Shroud of Golubria
  2486 | D:3      | Reached XP level 5. HP: 22/39 MP: 8/8
  3414 | D:4      | Found an ornate altar of the Wu Jian Council.
  3575 | D:4      | Reached XP level 6. HP: 41/47 MP: 9/9
  3595 | D:4      | Noticed an ogre
  3600 | D:4      | Noticed Dowan
  3603 | D:4      | Noticed Duvessa
  3609 | D:4      | Killed an ogre
  3620 | D:4      | Slain by Duvessa

Skill      XL: |  1  2  3  4  5 |
---------------+----------------+-----
Armour         | 2 |  2.6
Maces & Flails | 3 |  3.7
Dodging        | 3 |  3.2
Fighting       | 3 |  3.3
Stealth        | |  0.9
Spellcasting   | |  2.2
Charms         | |  3.4

Action                   |  1- 3 |  4- 6 || total
-------------------------+-------+-------++-------
Melee: Mace              |    63 |       ||    63
       Whip              |    42 |   193 ||   235
 Cast: Infusion          |     4 |     2 ||     6
       Song of Slaying   |       |     1 ||     1
  Use: Scroll            |       |     3 ||     3
 Stab: Sleeping          |       |     1 ||     1
  Eat: Chunk             |       |     6 ||     6
       Ration            |       |     1 ||     1
Armor: Leather armour    |    45 |    44 ||    89
Dodge: Dodged            |    89 |   100 ||   189
